Map: Magannatha LE

Players

SHIN

  • Race: Zerg Zerg
  • Spawn Location: 11:00

Reynor - Winner!

  • Race: Zerg Zerg
  • Spawn Location: 5:00

Event: Esports World Cup 2025

VOD

Have the link to the VOD?

Description

Time

  • Played on: July 22, 2025, 11 a.m.
  • Length: 11:13

All games in this series

Show
View Real Time Build Order
Export as new Build Order

SHIN Zerg 

Build Orders: Pool First 

Get SALT Encoding   

  12  0:00  Drone  
  13  0:07  Drone  
  14  0:16  Overlord  
  14  0:31  Spawning Pool  
  14  0:35  Drone  
  14  0:40  Drone  
  15  0:43  Drone  
  15  0:46  Drone  
  17  1:06  Hatchery  
  17  1:18  Zergling x6  
  19  1:27  Queen  
  19  1:30  Zergling x2  
  22  1:40  Overlord  
  22  2:00  Drone  
  23  2:03  Queen  
  23  2:07  Drone  
  26  2:10  Spine Crawler  
  26  2:13  Drone  
  26  2:20  Drone  
  27  2:23  Drone  
  27  2:26  Queen  
  27  2:29  Drone  
  31  2:34  Drone  
  31  2:36  Drone x2  
  33  2:41  Drone  
  33  2:44  Drone  
  35  2:48  Overlord  
  35  2:53  Overlord  
  35  3:00  Extractor  
  35  3:02  Queen  
  35  3:05  Drone  
  35  3:07  Drone  
  35  3:08  Drone  
  35  3:11  Drone  
  37  3:16  Drone  
  37  3:17  Drone, Evolution Chamber  
  38  3:25  Roach Warren  
  37  3:27  Drone  
  37  3:30  Drone  
  37  3:33  Drone x2  
  41  3:39  Evolution Chamber  
  41  3:40  Drone  
  41  3:42  Drone  
  41  3:43  Drone  
  41  3:45  Drone  
  41  3:47  Extractor  
  43  3:48  Drone  
  43  3:50  Extractor  
  43  3:51  Drone  
  44  3:55  Drone  
  44  4:01  Drone  
  44  4:02  Lair  
  46  4:08  Drone x4  
  50  4:13  Extractor  
  50  4:14  Drone x3  
  50  4:16  Overlord  
  52  4:20  Overlord  
  52  4:24  Zerg Missile Weapons Level 1  
  52  4:30  Overlord  
  52  4:36  Zergling x2, Roach x2  
  52  4:38  Roach  
  59  4:40  Roach  
  59  4:42  Roach  
  59  4:44  Drone  
  64  4:47  Roach  
  64  4:50  Roach  
  68  5:01  Roach  
  68  5:02  Hatchery  
  68  5:05  Roach  
  73  5:07  Roach  
  73  5:10  Glial Reconstitution  
  73  5:12  Roach  
  76  5:15  Overseer  
  76  5:18  Drone  
  76  5:27  Overlord x3  
  76  5:28  Hatchery  
  76  5:30  Overlord  
  76  5:34  Overlord  
  75  5:45  Roach  
  75  5:46  Roach x4  
  75  5:49  Roach  
  84  5:52  Roach  
  84  5:53  Roach  
  84  5:55  Roach  
  76  5:58  Roach  
  76  6:02  Roach x3  
  76  6:03  Roach  
  84  6:05  Roach  
  86  6:12  Roach  
  86  6:15  Roach  
  90  6:18  Zerg Missile Weapons Level 2  
  90  6:22  Roach Warren  
  90  6:23  Roach  
  91  6:26  Overlord  
  91  6:27  Roach  
  91  6:30  Roach  
  95  6:34  Overlord, Roach x2  
  95  6:39  Overseer  
  100  6:45  Hatchery  
  100  6:46  Roach  
  101  6:51  Roach x2  
  101  6:53  Roach  
  101  6:54  Roach  
  109  6:58  Roach  
  111  7:01  Roach  
  111  7:02  Overlord, Roach  
  115  7:09  Hatchery  
  115  7:11  Overlord  
  116  7:15  Roach  
  116  7:19  Overlord  
  116  7:21  Overlord  
  116  7:23  Roach  
  116  7:26  Roach  
  116  7:28  Ravager x2  
  116  7:29  Ravager x2  
  124  7:31  Roach  
  124  7:34  Roach  
  124  7:36  Roach  
  130  7:42  Roach x2  
  134  7:49  Roach x3  
  140  7:54  Roach x2  
  144  8:02  Roach x2  
  144  8:04  Overlord  
  148  8:07  Roach  
  148  8:08  Roach  
  148  8:12  Roach x2  
  148  8:14  Overlord  
  148  8:20  Overlord  
  148  8:22  Roach x2  
  148  8:23  Ravager  
  148  8:26  Ravager  
  156  8:27  Roach  
  156  8:30  Roach  
  156  8:33  Roach  
  160  8:36  Roach  
  160  8:39  Roach  
  157  8:42  Roach  
  157  8:44  Roach  
  157  8:47  Roach  
  155  8:53  Roach x2  
  152  8:56  Roach  
  152  9:02  Roach  
  144  9:05  Roach  
  144  9:07  Zergling x2  
  128  9:13  Roach  
  128  9:15  Roach  
  122  9:18  Roach  
  122  9:22  Roach  
  122  9:26  Roach x2  
  122  9:29  Roach  
  115  9:35  Roach x2  
  115  9:38  Roach  
  113  9:40  Roach  
  113  9:43  Roach  
  101  9:46  Roach  
  101  9:48  Roach  
  101  9:52  Roach  
  96  9:55  Roach  
  96  9:57  Zergling x2  
  97  10:01  Roach  
  97  10:05  Roach  
  101  10:08  Roach  
  101  10:12  Roach  
  101  10:13  Zergling x2  
  106  10:18  Roach  
  106  10:20  Roach x2  
  112  10:23  Roach  
  112  10:25  Roach  
  112  10:28  Roach  
  118  10:34  Roach x2  
  118  10:35  Zergling x2  
  118  10:40  Roach  
Show
View Real Time Build Order
Export as new Build Order

Reynor Zerg - Winner!

Build Orders: Hatch First 

Get SALT Encoding   

  12  0:00  Drone  
  13  0:07  Drone  
  14  0:15  Drone, Extractor  
  15  0:22  Overlord  
  15  0:40  Drone  
  16  0:45  Hatchery  
  16  0:48  Drone  
  16  0:52  Drone  
  16  0:55  Drone  
  18  1:07  Extractor  
  17  1:11  Spawning Pool  
  17  1:14  Drone  
  17  1:17  Drone  
  18  1:26  Drone  
  19  1:37  Drone  
  20  1:48  Drone  
  21  1:57  Queen x2  
  21  1:58  Zergling x2  
  21  1:59  Overlord  
  26  2:07  Metabolic Boost  
  26  2:08  Drone  
  26  2:11  Drone  
  27  2:19  Zergling x2  
  27  2:21  Zergling x2  
  26  2:39  Drone  
  26  2:43  Drone  
  28  2:46  Drone  
  28  2:50  Zergling x2  
  30  2:54  Zergling x2  
  31  2:59  Overlord  
  31  3:01  Drone  
  31  3:04  Drone  
  33  3:10  Drone x2  
  33  3:12  Drone  
  34  3:14  Drone  
  34  3:18  Drone  
  36  3:25  Evolution Chamber  
  35  3:27  Queen  
  35  3:30  Drone  
  35  3:31  Drone  
  39  3:35  Overlord  
  39  3:38  Drone  
  40  3:44  Drone  
  40  3:45  Drone x2  
  40  3:47  Drone  
  44  3:56  Hatchery  
  44  3:58  Zerg Melee Weapons Level 1  
  44  3:59  Drone  
  44  4:06  Zergling x4  
  44  4:09  Zergling x2  
  47  4:10  Overlord  
  47  4:15  Zergling x2  
  47  4:16  Zergling x4  
  50  4:21  Zergling x4  
  52  4:30  Overlord  
  52  4:33  Zergling x2, Roach Warren  
  52  4:36  Zergling x6  
  55  4:41  Zergling x2  
  55  4:47  Zergling x8  
  55  4:50  Queen  
  61  4:55  Overlord  
  61  5:02  Drone  
  62  5:07  Zergling x4  
  62  5:09  Queen  
  62  5:13  Zergling x8  
  69  5:18  Drone  
  69  5:19  Drone x3  
  72  5:21  Roach  
  72  5:22  Extractor  
  72  5:24  Roach  
  72  5:28  Overlord  
  75  5:33  Overlord  
  75  5:36  Overlord  
  75  5:46  Zergling x10  
  74  5:50  Zergling x2  
  74  5:52  Drone x2  
  74  5:54  Zerg Ground Armor Level 1, Queen  
  75  5:57  Drone  
  75  5:58  Drone x2  
  75  6:04  Drone x2  
  82  6:06  Drone x2  
  82  6:08  Overlord  
  82  6:10  Drone  
  84  6:14  Drone x2  
  86  6:18  Overlord  
  86  6:19  Drone x2  
  86  6:22  Drone  
  89  6:28  Roach x2  
  89  6:30  Roach x3  
  99  6:34  Lair  
  99  6:36  Overlord  
  99  6:38  Roach x3  
  103  6:41  Roach x2  
  103  6:43  Extractor, Roach  
  103  6:46  Overlord  
  108  6:51  Roach  
  104  6:55  Zergling x2, Roach x2  
  104  6:57  Spine Crawler  
  104  6:59  Roach  
  109  7:04  Zergling x10, Roach x2  
  109  7:06  Overlord  
  117  7:10  Drone  
  117  7:14  Drone  
  119  7:16  Drone  
  119  7:21  Drone x2  
  119  7:22  Drone x2  
  124  7:23  Drone  
  124  7:28  Overlord  
  125  7:34  Roach x3  
  125  7:35  Ravager x2  
  125  7:36  Zergling x4  
  135  7:38  Extractor  
  135  7:42  Roach  
  135  7:44  Drone, Overlord  
  136  7:47  Glial Reconstitution  
  136  7:50  Overlord  
  137  7:51  Drone  
  137  7:52  Drone x2, Hatchery  
  137  7:56  Drone x2  
  141  7:59  Extractor  
  141  8:00  Zerg Missile Weapons Level 1  
  141  8:03  Overlord  
  141  8:04  Roach  
  141  8:05  Zergling x10  
  147  8:06  Queen  
  147  8:08  Roach  
  146  8:15  Zergling x4, Roach x3  
  154  8:23  Roach x2  
  158  8:27  Overlord  
  158  8:32  Overlord  
  158  8:33  Roach x2  
  158  8:34  Zergling x4, Roach x2  
  166  8:35  Roach  
  166  8:38  Roach  
  166  8:44  Roach  
  166  8:47  Overlord  
  166  8:50  Roach  
  166  8:54  Roach  
  164  8:57  Roach  
  164  8:59  Roach  
  164  9:00  Queen x2  
  164  9:02  Roach x6  
  167  9:07  Roach  
  141  9:11  Roach  
  141  9:12  Roach  
  141  9:15  Roach  
  147  9:18  Roach x2  
  147  9:21  Roach  
  147  9:22  Queen  
  147  9:23  Roach  
  145  9:27  Roach x2  
  139  9:34  Roach x2  
  139  9:37  Roach x4  
  137  9:39  Queen  
  137  9:41  Roach  
  137  9:44  Roach x2  
  127  9:47  Roach  
  127  9:50  Roach  
  121  9:55  Roach x2  
  125  10:00  Roach x2  
  125  10:01  Ravager  
  125  10:04  Roach x2  
  125  10:05  Roach x2  
  134  10:08  Ravager  
  134  10:09  Ravager  
  134  10:10  Roach x2  
  134  10:13  Extractor, Roach  
  141  10:15  Roach  
  141  10:19  Roach  
  145  10:22  Roach x2  
  145  10:23  Roach  
  145  10:24  Zergling x2, Roach  
  145  10:27  Roach  
  152  10:39  Roach x7  
  152  10:41  Roach  
  152  10:42  Zergling x2  
  161  10:44  Roach  
Tags
 
Add a new tag
Caveats
  • Supply blocks, unpowered buildings, or Contaminate may cause inaccurate times.
  • Supply counts are checked every 10 seconds.